 Dungeon Crawl Stone Soup version 0.32-a0-900-g30fb1b0edc (webtiles) character file.

Game seed: 12885488704243089311

2034 runemasterragnar the Shooter (level 9, -4/68 HPs)
             Began as a Coglin Hunter on Apr 5, 2024.
             Was a Believer of Okawaru.
             Slain by a two-headed ogre
             ... wielding a +0 giant club
              (32 damage)
             ... on level 6 of the Dungeon.
             The game lasted 00:07:02 (4245 turns).

runemasterragnar the Shooter (Coglin Hunter)        Turns: 4245, Time: 00:07:03

Health: -4/68      AC:  5    Str: 13    XL:     9   Next: 24%
Magic:  10/10      EV: 13    Int:  8    God:    Okawaru [**....]
Gold:   143        SH:  0    Dex: 21    Spells: 8/8 levels left

rFire   . . .        p - +3 sling (elec) {Kheti}
rCold   . . .        q - +1 sling (flame) {Gottfried}
rNeg    . . .        c - +2 leather armour
rPois   .            (no helmet)
rElec   .            (no cloak)
rCorr   .            (no gloves)
SInv    .            (no boots)
Will    .....        (amulet unavailable)
Stlth   +++          (ring unavailable)
HPRegen 0.31/turn    (ring unavailable)
MPRegen 0.12/turn    (no gizmo)

%: no passive effects
@: revving
A: off-hand wielding, slow wielding, warmup strikes, no jewellery
a: Invent Gizmo, Renounce Religion, Heroism


You were on level 6 of the Dungeon.
You worshipped Okawaru.
Okawaru was pleased with you.
You visited 1 branch of the dungeon, and saw 6 of its levels.

You collected 323 gold pieces.
You spent 180 gold pieces at shops.

Inventory:

Hand Weapons
 a - a +2 sling {Lisbeth}
 d - a +0 sling {Qiuyue}
 p - a +3 sling of electrocution (weapon) {Kheti}
 q - a +1 sling of flaming (offhand) {Gottfried}
Missiles
 x - a throwing net
Armour
 c - a +2 leather armour (worn)
Wands
 g - a wand of flame (21)
 j - a wand of charming (25)
 r - a wand of digging (4)
 v - a wand of quicksilver (9)
Scrolls
 b - a scroll of butterflies
 e - a scroll of immolation
 f - 2 scrolls of vulnerability
 s - a scroll of teleportation
 t - a scroll of summoning {unknown}
 w - a scroll of silence {unknown}
Potions
 h - 2 potions of enlightenment {unknown}
 i - a potion of invisibility {unknown}
 k - 5 potions of curing
 l - 2 potions of degeneration
 m - 3 potions of mutation {unknown}
 n - 2 potions of heal wounds {unknown}
 o - 2 potions of brilliance {unknown}
 u - a potion of attraction {unknown}
 z - a potion of lignification {unknown}


   Skills:
 + Level 5.2 Fighting
 * Level 7.2 Ranged Weapons
 + Level 4.7 Dodging
 + Level 4.2 Stealth
 + Level 2.4 Invocations
 + Level 4.3 Evocations


You had 8 spell levels left.
You didn't know any spells.
Your spell library contained the following spells:

 Spells                   Type           Power      Damage    Failure   Level
 Slow                     Hex            0%         N/A       50%         1
 Ensorcelled Hibernation  Hex/Ice        0%         N/A       63%         2
 Confusing Touch          Hex            0%         N/A       86%         3
 Dazzling Flash           Conj/Hex       0%         N/A       86%         3
 Passwall                 Erth           0%         N/A       86%         3
 Swiftness                Air            0%         N/A       86%         3
 Vampiric Draining        Necr           0%         2d6       86%         3
 Volatile Blastmotes      Fire/Tloc      0%         2d10      86%         3
 Fulminant Prism          Conj/Alch      0%         3d5       99%         4
 Iskenderun's Mystic Bla Conj/Tloc 0%             2d3        (+2d1     99%         4
 Passage of Golubria      Tloc           0%         N/A       99%         4
 Yara's Violent Unravell  Hex/Alch       0%         3d3       100%        5
 Starburst                Conj/Fire      0%         6d3       100%        6
 Maxwell's Capacitive Co  Air            0%         ∞         100%        8
 Tukima's Dance           Hex            Unusable   N/A       N/A         3

Dungeon Overview and Level Annotations

Branches:
Dungeon (6/15)
 Temple: D:4-7

Altars:
Cheibriados
Fedhas
Nemelex Xobeh
Okawaru
Sif Muna
Uskayaw
Zin
The Shining One

Shops:
D:3 (   D:5 (:

Annotations:
D:4 Blork the orc


Innate Abilities, Weirdness & Mutations

You can wield a second weapon in your off-hand.
It takes a long time for you to wield or remove held weapons.
Your first few attacks do less damage.
You cannot equip rings or amulets.


Message History

The sling bullet hits the ufetubus but does no damage.
The ufetubus is moderately wounded.
An ufetubus is nearby!
An ufetubus is nearby!
You shoot a sling bullet. The sling bullet misses the ufetubus.
You shoot a sling bullet.
The sling bullet closely misses the ufetubus.
An ufetubus is nearby!
You shoot a sling bullet.
The sling bullet closely misses the ufetubus.
You shoot a sling bullet.
The sling bullet closely misses the ufetubus.
You shoot a sling bullet. The sling bullet hits the ufetubus.
The ufetubus is heavily wounded.
You shoot a sling bullet. The sling bullet hits the ufetubus!
The sling bullet burns the ufetubus.
You kill the ufetubus!
A two-headed ogre comes into view. It is wielding two +0 giant clubs.
You shoot a sling bullet.
The sling bullet hits the two-headed ogre but does no damage.
You shoot a sling bullet.
The sling bullet hits the two-headed ogre but does no damage.
Lightning courses through the two-headed ogre!
The two-headed ogre is lightly wounded.
The two-headed ogre hits you with a +0 giant club!!
The two-headed ogre hits you with a +0 giant club!
Okay, then.
Aiming: Quicksilver Bolt
Press: ? - help, Shift-Dir - straight line, f/p - two-headed ogre
Aim: a two-headed ogre, wielding two +0 giant clubs (lightly wounded, 88% to hit)
The bolt of dispelling energy hits the two-headed ogre!!
The two-headed ogre is heavily wounded.
Unknown command.
Unknown command.
Aiming: Quicksilver Bolt
Press: ? - help, Shift-Dir - straight line, f/p - two-headed ogre
Aim: a two-headed ogre, wielding two +0 giant clubs (heavily wounded, 88% to hit)
The bolt of dispelling energy misses the two-headed ogre.
The two-headed ogre hits you with a +0 giant club!!
You die...

#.#.###.##
#.##...### #.##†##
# ############
#.#.####
...........#
#......
.#########.# ####
##.####
.....#.....# ..#
##.#####
####.#.#########O#
#.......
.....#..........@#
+..#######
##################
#.# # ## #


You could see a two-headed ogre.

Vanquished Creatures
  Sigmund (D:3)
  2 water moccasins
  A black bear (D:6)
  4 ogres
  4 phantoms
  A bullfrog (D:6)
  2 scorpions (D:5)
  3 bombardier beetles (D:6)
  4 hounds
  2 orc priests
  A gnoll bouda (D:4)
  A jelly (D:5)
  3 iguanas
  3 orc wizards
  7 gnolls (D:4)
  7 adders
  4 white imps
  2 ufetubi (D:6)
  A ribbon worm (D:2)
  2 dart slugs
  11 orcs
  8 ball pythons
  7 endoplasms
  4 giant cockroaches
  3 goblins
  4 hobgoblins
  8 jackals
  3 kobolds
  3 quokkas (D:4)
  2 bats
  3 rats
111 creatures vanquished.

Vanquished Creatures (collateral kills)
  2 gnolls (D:4)
2 creatures vanquished.

Grand Total: 113 creatures vanquished

Notes
Turn   | Place    | Note
-------+----------+-------------------------------------------
     0 | D:1      | runemasterragnar the Coglin Hunter began the quest for the
                  | Orb.
     0 | D:1      | Reached XP level 1. HP: 16/16 MP: 1/1
    98 | D:1      | Reached skill level 1 in Stealth
   128 | D:1      | Reached XP level 2. HP: 22/22 MP: 2/2
   513 | D:2      | Reached skill level 4 in Ranged Weapons
   513 | D:2      | Reached XP level 3. HP: 28/28 MP: 3/3
   955 | D:2      | Reached XP level 4. HP: 34/34 MP: 4/4
  1394 | D:3      | Found a faded altar of an unknown god.
  1609 | D:3      | Found Plog's Weapon Shoppe.
  1653 | D:3      | Noticed Sigmund
  1683 | D:3      | Killed Sigmund
  1684 | D:3      | Reached skill level 5 in Ranged Weapons
  1684 | D:3      | Reached XP level 5. HP: 21/41 MP: 5/5
  1684 | D:3      | Reached XP level 6. HP: 24/47 MP: 6/6
  2269 | D:4      | Found a shimmering blue altar of Sif Muna.
  2270 | D:4      | Noticed Blork the orc
  2388 | D:4      | Reached XP level 7. HP: 22/52 MP: 7/7
  2561 | D:4      | Found a glowing golden altar of the Shining One.
  2791 | D:4      | Reached skill level 1 in Evocations
  2846 | D:4      | Found an iron altar of Okawaru.
  2856 | D:4      | Became a worshipper of Warmaster Okawaru
  3042 | D:5      | Entered Level 5 of the Dungeon
  3042 | D:5      | Found Viossuy's Antique Weapon Shop.
  3081 | D:5      | Reached skill level 6 in Ranged Weapons
  3152 | D:5      | Found a sparkling altar of Nemelex Xobeh.
  3232 | D:5      | Identified the +1 leather armour of Dithmenos's Vengeance
                  | {Will- Str+2 Dex+4}
  3254 | D:5      | Bought a glowing sling for 90 gold pieces
  3254 | D:5      | Bought a glowing sling for 90 gold pieces
  3291 | D:5      | Reached skill level 1 in Invocations
  3291 | D:5      | Reached XP level 8. HP: 60/60 MP: 8/8
  3305 | D:5      | Reached * piety under Okawaru
  3398 | D:5      | Found Huupn's Vocational Training.
  3474 | D:5      | Found a hide-covered altar of Uskayaw.
  3608 | D:5      | Found a blossoming altar of Fedhas.
  3792 | D:6      | Found a snail-covered altar of Cheibriados.
  3856 | D:6      | Reached ** piety under Okawaru
  3863 | D:6      | Reached skill level 5 in Fighting
  3863 | D:6      | Reached skill level 7 in Ranged Weapons
  3863 | D:6      | Reached XP level 9. HP: 68/68 MP: 10/10
  4114 | D:6      | Found a glowing silver altar of Zin.
  4242 | D:6      | Noticed a two-headed ogre
  4245 | D:6      | Slain by a two-headed ogre

Illustrated notes

Levels and vault maps discovered:
D:1:      minmay_arrival_up_and_down, layout_rooms
D:2:      layout_basic
D:3:      layout_basic, shapermc_ecumenical_altar_gd, serial_shops,
          nicolae_diamond_shop, minmay_misc_feat_cross, uniq_sigmund
D:4:      layout_loops_ring, lemuel_doored_altar, mainiacjoe_overflow_alcove_4,
          old_standard_altar, cheibrodos_sewer_entry_bend, uniq_blork_the_orc
D:5:      layout_rooms, nicolae_uskayaw_suspiria, overflow_temple_1_default,
          lemuel_tele_altar, serial_shops, shop, nicolae_shop_vocational
D:6:      layout_loops_ring, slow_altar_1, zin_statuary, roderic_serpentine_path

Skill      XL: |  1  2  3  4  5  6  7  8 |
---------------+-------------------------+-----
Stealth        | 1 2 3 4 |  4.2
Dodging        | 2 3 4 |  4.7
Ranged Weapons | 4 5 6 7 |  7.2
Fighting       | 3 4 5 |  5.2
Evocations     | 2 4 |  4.3
Invocations    | 1 2 |  2.4

Action                     |  1- 3 |  4- 6 |  7- 9 || total
---------------------------+-------+-------+-------++-------
  Melee: Sling             |       |     6 |       ||     6
   Fire: Sling             |   126 |   156 |   370 ||   652
  Evoke: Wand              |       |     1 |     2 ||     3
    Use: Scroll            |       |     3 |     4 ||     7
 Armour: Leather armour    |    10 |    27 |    28 ||    65
  Dodge: Dodged            |     3 |    22 |    24 ||    49

Table legend: (Time is in decaauts)
 A = Elapsed time spent in this place.
 B = Non-inter-level travel time spent in this place.
 C = Inter-level travel time spent in this place.
 D = Time resting spent in this place.
 E = Time spent auto-exploring this place.
 F = Levels seen in this place.
 G = Mean time per level.
                   A        B        C        D        E       F      G
               +--------+--------+--------+--------+--------+-----+--------+
         Total |   4299 |   4037 |    262 |     79 |   3089 |   6 |  716.5 |
       Dungeon |   4299 |   4037 |    262 |     79 |   3089 |   6 |  716.5 |
               +--------+--------+--------+--------+--------+-----+--------+

Top non-repeatable levels by time:
     D:4: 1154 daAuts
     D:2: 944 daAuts
     D:3: 643 daAuts
     D:6: 601 daAuts
     D:5: 550 daAuts
     D:1: 405 daAuts
